 Dungeon Crawl Stone Soup version 0.27-a0-1312-g5cdb2b3542 (webtiles) character file.

Game seed: 11684853394357886964

29 HAL9000 the Sneak (level 3, 0/18 HPs)
             Began as a Vine Stalker Brigand on June 19, 2021.
             Killed by nerve-wracking pain
             ... invoked by Jessica
              (8 damage)
             ... on level 2 of the Dungeon.
             The game lasted 00:01:22 (1365 turns).

HAL9000 the Sneak (Vine Stalker Brigand)            Turns: 1365, Time: 00:01:23

Health: 0/18       AC:  3    Str: 14    XL:     3   Next: 16%
Magic:  0/4        EV: 11    Int: 11    God:
Gold:   58         SH:  0    Dex: 15    Spells: 2/2 levels left

rFire    + . .     SeeInvis .   m - +0 dagger (venom)
rCold    x . .     Faith    .   (no shield)
rNeg     . . .     Spirit   +   b - +0 robe
rPois    .         Reflect  .   (no helmet)
rElec    .         Harm     .   c - +0 cloak
rCorr    .         Rampage  .   (no gloves)
Will     .....                  (no boots)
Stlth    +++.......             (no amulet)
HPRegen  0.06/turn              f - ring of fire
MPRegen  0.09/turn              j - ring of flight

@: flying
A: fangs 2, magic shield, antimagic bite, no potion heal 2
a: no special abilities


You were on level 2 of the Dungeon.
You visited 1 branch of the dungeon, and saw 2 of its levels.

You collected 58 gold pieces.

Inventory:

Hand Weapons
 a - a +2 dagger
 i - a +0 broad axe
 m - a +0 dagger of venom (weapon)
Missiles
 d - 8 poisoned darts (quivered)
 e - 2 curare-tipped darts
Armour
 b - a +0 robe (worn)
 c - a +0 cloak (worn)
Jewellery
 f - a ring of fire (left hand)
 j - a ring of flight (right hand)
Scrolls
 k - 3 scrolls of amnesia {unknown}
 l - a scroll of enchant weapon {unknown}
Potions
 g - a potion of mutation {unknown}
 h - 3 potions of heal wounds {unknown}


   Skills:
 - Level 1.7 Fighting
 - Level 1.7 Short Blades
 - Level 1.7 Throwing
 - Level 0.7 Dodging
 + Level 6.2 Stealth


You had 2 spell levels left.
You didn't know any spells.
Your spell library contained the following spells:

 Spells                   Type           Power      Damage    Failure   Level
 Corona                   Hex            0%         N/A       34%         1
 Ensorcelled Hibernation  Hex/Ice        0%         N/A       47%         2
 Confusing Touch          Hex            0%         N/A       71%         3
 Dazzling Flash           Conj/Hex       0%         N/A       71%         3
 Tukima's Dance           Hex            0%         N/A       71%         3


Dungeon Overview and Level Annotations

Branches:
Dungeon (2/15)

Altars:

Shops:
D:2 =

Annotations:
D:2 Jessica


Innate Abilities, Weirdness & Mutations

You have extremely sharp teeth.
When hurt, damage is shared between your health and your magic reserves.
Your bite disrupts and absorbs the magic of your enemies.
Potions cannot restore your health.


Message History

The hobgoblin looks as sick as possible!
You bite the hobgoblin, but do no damage.
The hobgoblin is moderately wounded.
The bat closely misses you.
A rat comes into view.
You hit the hobgoblin.
The hobgoblin looks as sick as possible!
The hobgoblin is almost dead.
You kill the hobgoblin!
The bat misses you.
You closely miss the kobold. You bite the kobold, but do no damage.
The bat hits you. The bat misses you. The kobold misses you.
You hit the kobold but do no damage.
The kobold is poisoned.
You bite the kobold. You drain its power.
The kobold is moderately wounded.
The bat hits you.
Jessica casts a spell.
Jessica seems to speed up.
The kobold hits you with a +0 short sword.
You hit the kobold.
You kill the kobold!
The bat hits you but does no damage.
Unknown command.
Jessica gestures wildly while chanting.
Jessica blinks!
Jessica gestures wildly while chanting.
Jessica blinks!
The bat hits you but does no damage. The bat hits you.
You hit the bat.
You kill the bat!
Jessica points at you and mumbles some strange words.
Pain shoots through your body! The rat barely misses you.
You see here a bat corpse.
You hit the rat but do no damage. You bite the rat.
You kill the rat!
You hit Jessica but do no damage.
Jessica is poisoned.
Jessica casts a spell at you. Pain shoots through your body!
You die...

########.######...###
#...# #..#...#
#.#.###..#.>.#
#.##...#.#...# #
#.###..###...###.#
#.# #......8.....#
#.# #.###.....#### #
#.# #.# ##...## ####.
#@# #.# ##.##
......#####@#
#.##.##.######
....ยง......Z#
#.............
......)....##
#....#########
####..####.# #.## #
..... .... # .....
##.### # ###.# #.# #
#. #.# #


You could see Jessica (fast, very poisoned) and a bullfrog skeleton.

Vanquished Creatures
  A worm (D:2)
  A ball python (D:1)
  4 bats
  An endoplasm (D:1)
  4 goblins (D:1)
  3 hobgoblins
  2 jackals (D:1)
  A quokka (D:2)
  2 frilled lizards (D:1)
  A kobold (D:2)
  3 rats
23 creatures vanquished.

Notes
Turn   | Place    | Note
-------+----------+-------------------------------------------
     0 | D:1      | HAL9000 the Vine Stalker Brigand began the quest for the
                  | Orb.
     0 | D:1      | Reached XP level 1. HP: 11/11 MP: 2/2
    72 | D:1      | Reached skill level 5 in Stealth
   127 | D:1      | Reached XP level 2. HP: 13/15 MP: 3/3
   678 | D:1      | Found a faded altar of an unknown god.
   913 | D:2      | Found Iseuwif's Jewellery Shop.
   956 | D:2      | Reached skill level 6 in Stealth
  1316 | D:2      | Reached XP level 3. HP: 18/18 MP: 4/4
  1349 | D:2      | Noticed Jessica
  1365 | D:2      | Killed from afar by Jessica

Illustrated notes

Levels and vault maps discovered:
D:1:      dpeg_arrival_connections, layout_rooms,
          hellmonk_ecumenical_altar_prayer_group
D:2:      layout_loops_ring, basic_altar, serial_shops, shop,
          grunt_ministairs_15, uniq_sigmund, uniq_robin, uniq_jessica

Skill      XL: |  1  2 |
---------------+-------+-----
Stealth        | 5 6 |  6.2
Fighting       | |  1.7
Short Blades   | |  1.7
Throwing       | |  1.7
Dodging        | |  0.7

Action                   || total
-------------------------++-------
Melee: Dagger            ||    41
       Bite              ||    12
       Broad axe         ||    20
 Stab: Sleeping          ||     5
Armor: Robe              ||    28
Dodge: Dodged            ||    43

Table legend: (Time is in decaauts)
 A = Elapsed time spent in this place.
 B = Non-inter-level travel time spent in this place.
 C = Inter-level travel time spent in this place.
 D = Time resting spent in this place.
 E = Time spent auto-exploring this place.
 F = Levels seen in this place.
 G = Mean time per level.
                   A        B        C        D        E       F      G
               +--------+--------+--------+--------+--------+-----+--------+
         Total |   1371 |   1343 |     28 |    564 |    624 |   2 |  685.5 |
       Dungeon |   1371 |   1343 |     28 |    564 |    624 |   2 |  685.5 |
               +--------+--------+--------+--------+--------+-----+--------+

Top non-repeatable levels by time:
     D:1: 890 daAuts
     D:2: 481 daAuts
